 Dungeon Crawl Stone Soup version 0.29-a0-878-g7b45a56547 (webtiles) character file.

Game seed: 14655520762706390260

456 buhh the Chopper (level 7, -3/63 HPs)
             Began as a Meteoran Chaos Knight on July 19, 2022.
             Was a Plaything of Xom.
             Slain by an ogre
             ... wielding a +0 giant club
              (24 damage)
             ... on level 5 of the Dungeon.
             The game lasted 00:06:05 (2246 turns).

buhh the Chopper (Meteoran Chaos Knight)            Turns: 2246, Time: 00:06:06

Health: -3/63      AC:  6    Str: 16    XL:     7   Next: 52%
Magic:  8/8        EV: 11    Int: 13    God:    Xom [....*.]
Gold:   134        SH:  0    Dex: 14    Spells: 6/6 levels left

rFire   . . .      SeeInvis .   g - +0 hand axe (chaos)
rCold   . . .      Faith    .   (no shield)
rNeg    . . .      Spirit   .   b - +2 leather armour
rPois   +          Reflect  .   e - +0 helmet
rElec   .          Harm     .   (no cloak)
rCorr   .          Rampage  .   (no gloves)
Will    .....                   (no boots)
Stlth   +.........              (no amulet)
HPRegen 0.20/turn               h - ring of poison resistance
MPRegen 0.11/turn               (no ring)

@: confused, glowing
A: sense surroundings 1, otherworldly, glowing, explore regen
a: Renounce Religion


You were on level 5 of the Dungeon.
You worshipped Xom.
You were a beloved toy of Xom.
You visited 1 branch of the dungeon, and saw 5 of its levels.

You collected 134 gold pieces.

Inventory:

Hand Weapons
 g - a +0 hand axe of chaos (weapon)
 o - a +0 battleaxe
Armour
 b - a +2 leather armour (worn)
 e - a +0 helmet (worn)
Jewellery
 h - a ring of poison resistance (left hand)
 q - a ring of resist corrosion
Scrolls
 a - 4 scrolls of identify {!d}
 d - a scroll of fear {unknown}
 f - 3 scrolls of fog
 i - a scroll of poison {unknown}
 j - a scroll of enchant weapon
 m - a scroll of vulnerability
 r - a scroll of brand weapon {unknown}
Potions
 k - a potion of heal wounds {unknown}
 l - a potion of flight {unknown}
 n - a potion of berserk rage {unknown}
 p - 2 potions of ambrosia {unknown}
 t - 2 potions of brilliance {!d}
 v - 2 potions of curing {!d}
 y - a potion of haste {!q}
Miscellaneous
 c - a piece from Xom's chessboard (14/15) (quivered)


   Skills:
 + Level 6.3 Fighting
 + Level 6.9 Axes
 - Level 2.7 Armour
 - Level 1.6 Dodging


You had 6 spell levels left.
You didn't know any spells.
Your spell library contained the following spells:

 Spells                   Type           Power      Damage    Failure   Level
 Summon Small Mammal      Summ           0%         N/A       36%         1
 Sublimation of Blood     Necr           0%         N/A       50%         2
 Wereblood                Tmut           0%         N/A       50%         2
 Call Canine Familiar     Summ           0%         N/A       73%         3
 Summon Guardian Golem    Hex/Summ       0%         N/A       73%         3
 Animate Dead             Necr           0%         N/A       98%         4
 Borgnjor's Vile Clutch   Necr/Erth      0%         N/A       100%        5
 Death Channel            Necr           0%         N/A       100%        6
 Summon Hydra             Summ           0%         N/A       100%        7


Dungeon Overview and Level Annotations

Branches:
Dungeon (5/15) Zot: 739    Temple (0/1) D:4

Altars:
Kikubaaqudgha
Nemelex Xobeh

Annotations:
D:4 3 runed translucent doors, clackabat's ghost, amateur MfGl; dang3rdave's ghost, weakling DjDe; jimonade's ghost, amateur KoBr; nxtlvl's ghost, weakling DEMo
D:5 1 runed translucent door


Innate Abilities, Weirdness & Mutations

You passively map a small area around you.
You are easily found by Zot.
You glow in the dark.
You regain HP and MP as you explore.


Message History

An adder comes into view.
The adder hisses angrily.
You barely miss the ogre. You hit the adder but do no damage.
The adder misses you. The ogre barely misses you.
A phantom comes into view.
The howler monkey hoots and howls with incredible vigour!
You hear a shout! x13
You slash the ogre!
The ogre seems to speed up.
The ogre is moderately wounded.
You closely miss the adder. The adder barely misses you.
The ogre hits you with a +0 giant club!!
The adder bites you.
You hit the ogre. You freeze the ogre.
The ogre is heavily wounded.
You barely miss the adder. The ogre hits you with a +0 giant club!
The adder bites you.
You make a move on Xom's chessboard...
The adder resists with significant effort.
Xom titters.
You are confused.
You are now a beloved toy of Xom.
The adder bites you but does no damage. The ogre hits you with a +0 giant club!
You barely miss the ogre.
The ogre is heavily wounded.
You hit the howler monkey.
Lightning courses through the howler monkey!
You hit the adder but do no damage.
The adder is poisoned.
The howler monkey closely misses you. The adder closely misses you.
An orc comes into view. It is wielding a +0 club.
The ogre barely misses you. The howler monkey hits you.
* * * LOW HITPOINT WARNING * * *
You hit the adder. You burn the adder.
The adder is severely wounded.
You hit the ogre.
You feel better.
You hit the howler monkey. You freeze the howler monkey.
You kill the howler monkey!
The adder closely misses you.
The ogre hits you with a +0 giant club!!
You die...
Xom chortles!

#..####
####.....
#..#
#......
#..#
#.......##
##..#*
.#####...*
,#...# *
##... #,
#...# ###+
#.##...#
** o
#..#.## ,
* . ##S@##
* ,
#...#O.#*
,
*##......#
...#....#
*
#..#..##.W
* , *
#.#... #..
, * .$ ?..
* #.. ,,
o... ... *
, ,


You could see an ogre (fast), a phantom, an adder (very poisoned) and an orc.

Vanquished Creatures
  A steam dragon (D:5)
  2 black bears (D:5)
  A howler monkey (D:5)
  A hound (D:4)
  2 adders
  2 ufetubi (D:4)
  A worm (D:4)
  7 orcs
  8 ball pythons
  7 bats
  7 endoplasms
  4 giant cockroaches
  6 goblins
  9 hobgoblins
  4 jackals (D:1)
  3 quokkas
  4 frilled lizards (D:1)
  6 kobolds
  5 rats
80 creatures vanquished.

Notes
Turn   | Place    | Note
-------+----------+-------------------------------------------
     0 | D:1      | buhh the Meteoran Chaos Knight began the quest for the Orb.
     0 | D:1      | Reached XP level 1. HP: 19/19 MP: 2/2
    42 | D:1      | Reached XP level 2. HP: 18/26 MP: 3/3
    80 | D:1      | Found a faded altar of an unknown god.
   124 | D:1      | XOM: silly message
   165 | D:1      | Reached XP level 3. HP: 32/33 MP: 4/4
   492 | D:1      | Glimpsed the power of Zot.
   740 | D:2      | Reached XP level 4. HP: 40/40 MP: 5/5
  1114 | D:3      | Found an ancient bone altar of Kikubaaqudgha.
  1284 | D:4      | Found a staircase to the Ecumenical Temple.
  1296 | D:4      | XOM: silly message
  1298 | D:4      | Reached skill level 5 in Axes
  1298 | D:4      | Reached XP level 5. HP: 30/47 MP: 6/6
  1473 | D:4      | XOM: noise
  1486 | D:4      | Found a runed translucent gate.
  1486 | D:4      | Found a runed translucent gate.
  1486 | D:4      | Noticed dang3rdave's ghost (weakling DjDe)
  1489 | D:4      | Found a runed translucent gate.
  1489 | D:4      | Noticed clackabat's ghost (amateur MfGl)
  1490 | D:4      | Noticed nxtlvl's ghost (weakling DEMo)
  1490 | D:4      | Noticed jimonade's ghost (amateur KoBr)
  1545 | D:5      | Entered Level 5 of the Dungeon
  1545 | D:5      | Noticed Sigmund
  1557 | D:5      | Noticed Sigmund
  1557 | D:5      | Sigmund changed into Sigmund the steam dragon
  1557 | D:5      | XOM: polymorph Sigmund -> Sigmund the steam dragon
  1563 | D:5      | XOM: repel stairs
  1571 | D:5      | Killed Sigmund the steam dragon
  1572 | D:5      | Reached skill level 5 in Fighting
  1572 | D:5      | Reached XP level 6. HP: 21/56 MP: 7/7
  1649 | D:5      | Noticed a black bear
  1649 | D:5      | Noticed a black bear
  1654 | D:5      | Killed a black bear
  1655 | D:5      | Reached XP level 7. HP: 51/62 MP: 8/8
  1695 | D:4      | Found a sparkling altar of Nemelex Xobeh.
  1801 | D:4      | XOM: 2-stop teleportation journey
  2131 | D:5      | Identified the +7 quarterstaff "Eheaq" {spect, *Noise rPois
                  | rC+ Str+7}
  2182 | D:5      | Found a runed translucent door.
  2244 | D:5      | XOM: confusion
  2246 | D:5      | Slain by an ogre

Illustrated notes

Levels and vault maps discovered:
D:1:      lightli_molten_gateway, layout_basic,
          dilly_ecumenical_altar_fadedgnrine
D:2:      layout_basic
D:3:      kennysheep_six_static_rooms, layout_rooms, marbit_many_paths,
          mainiacjoe_overflow_small_starburst, lemuel_crystal_altar
D:4:      layout_loops_ring, mainiacjoe_overflow_brackets, temple_pool_b,
          gammafunk_ghost_cemetery, minmay_goblin_kobold_house
D:5:      layout_layer_cave, nicolae_concentric_dashed_squares_wild,
          st_stairs_8, lightli_church_of_beogh, uniq_sigmund

Skill      XL: |  1  2  3  4  5  6  7 |
---------------+----------------------+-----
Axes           | 4 5 6 |  6.9
Fighting       | 4 5 6 |  6.3
Armour         | |  2.7
Dodging        | |  1.6

Action                   |  1- 3 |  4- 6 |  7- 9 || total
-------------------------+-------+-------+-------++-------
Melee: Hand axe          |    88 |   106 |    29 ||   223
       Punch             |       |       |     1 ||     1
Evoke: Piece from Xom's  |       |     1 |     1 ||     2
  Use: Scroll            |       |     6 |       ||     6
       Potion            |       |     1 |       ||     1
 Stab: Paralysed         |     1 |     2 |       ||     3
Armor: Leather armour    |    52 |    54 |    18 ||   124
Dodge: Dodged            |    59 |    73 |    17 ||   149

Table legend: (Time is in decaauts)
 A = Elapsed time spent in this place.
 B = Non-inter-level travel time spent in this place.
 C = Inter-level travel time spent in this place.
 D = Time resting spent in this place.
 E = Time spent auto-exploring this place.
 F = Levels seen in this place.
 G = Mean time per level.
                   A        B        C        D        E       F      G
               +--------+--------+--------+--------+--------+-----+--------+
         Total |   2259 |   2159 |    100 |      0 |    954 |   5 |  451.8 |
       Dungeon |   2259 |   2159 |    100 |      0 |    954 |   5 |  451.8 |
               +--------+--------+--------+--------+--------+-----+--------+

Top non-repeatable levels by time:
     D:4: 765 daAuts
     D:1: 549 daAuts
     D:2: 545 daAuts
     D:3: 206 daAuts
     D:5: 193 daAuts
